 Dungeon Crawl Stone Soup version 0.27.1 (webtiles) character file.

Game seed: 7343100795510438770

287 JoeMomma the Grasshopper (level 6, -3/75 HPs)
             Began as a Gnoll Warper on Sept 3, 2021.
             Succumbed to an orc wizard's poison
             ... on level 4 of the Dungeon.
             The game lasted 00:14:44 (5146 turns).

JoeMomma the Grasshopper (Gnoll Warper)             Turns: 5146, Time: 00:14:45

Health: -3/75      AC: 23    Str: 13    XL:     6   Next: 30%
Magic:  14/14      EV:  2    Int: 12    God:
Gold:   127        SH:  0    Dex: 11    Spells: 10/15 levels left

rFire    . . .     SeeInvis .   a - +0 hand axe
rCold    . . .     Faith    .   (no shield)
rNeg     + + +     Spirit   .   (armour currently unavailable)
rPois    +         Reflect  .   (helmet currently unavailable)
rElec    .         Harm     .   (cloak currently unavailable)
rCorr    .         Rampage  .   (gloves currently unavailable)
Will     .....     NoTele   +   (boots currently unavailable)
Stlth    ++........             (no amulet)
HPRegen  0.22/turn              (no ring)
MPRegen  0.14/turn              (no ring)

@: lethally poisoned (-3 -> -21), tree-form (expiring)
A: stationary, stasis, torment immunity, boosted hp, (fangs 1), strong nose,
distributed training
a: no special abilities


You were on level 4 of the Dungeon.
You were a tree.
You visited 1 branch of the dungeon, and saw 4 of its levels.

You collected 127 gold pieces.

Inventory:

Hand Weapons
 a - a +0 hand axe (weapon)
Missiles
 d - 5 boomerangs of dispersal (quivered)
Armour
 b - a +0 leather armour (melded)
 l - a +1 cloak (melded)
Jewellery
 n - a ring of ice
Wands
 e - a wand of acid (3)
 j - a wand of iceblast (9)
Scrolls
 c - a scroll of blinking
 h - a scroll of amnesia
Potions
 f - a potion of lignification
 g - a potion of flight {unknown}
 i - a potion of attraction {unknown}
 k - a potion of berserk rage {unknown}


   Skills:
 + Level 4.9 Fighting
 + Level 1.9 Short Blades
 + Level 1.9 Long Blades
 + Level 4.9 Axes
 + Level 1.9 Maces & Flails
 + Level 1.9 Polearms
 + Level 1.9 Staves
 + Level 1.9 Slings
 + Level 1.9 Bows
 + Level 1.9 Crossbows
 + Level 3.2 Throwing
 + Level 3.2 Armour
 + Level 4.9 Dodging
 + Level 1.9 Stealth
 + Level 1.9 Shields
 + Level 1.9 Unarmed Combat
 + Level 5.3 Spellcasting
 + Level 1.5 Conjurations
 + Level 1.5 Hexes
 + Level 1.5 Summonings
 + Level 1.5 Necromancy
 + Level 5.6 Translocations
 + Level 1.5 Transmutations
 + Level 1.5 Fire Magic
 + Level 1.5 Ice Magic
 + Level 1.5 Air Magic
 + Level 1.5 Earth Magic
 + Level 1.5 Poison Magic
 + Level 2.1 Invocations
 + Level 1.9 Evocations


You had 10 spell levels left.
You knew the following spells:

 Your Spells              Type           Power      Damage    Failure   Level
a - Blink                 Tloc           N/A        N/A       2%          2
b - Teleport Other        Tloc           16%        N/A       5%          3

Your spell library contained the following spells:

 Spells                   Type           Power      Damage    Failure   Level
 Gell's Gravitas          Tloc           8%         N/A       5%          3
 Lesser Beckoning         Tloc           8%         N/A       5%          3
 Manifold Assault         Tloc           16%        N/A       45%         5


Dungeon Overview and Level Annotations

Branches:
Dungeon (4/15)
 Temple: D:4-7

Altars:

Annotations:
D:4 Dowan, Duvessa


Innate Abilities, Weirdness & Mutations

You are a tree.
Your roots penetrate the ground, keeping you stationary.
You cannot be teleported.
You are immune to unholy pain and torment.
Your maximum health is greatly increased.
Your equipment is partially melded.
((You have very sharp teeth.))
Your uncanny sense of smell can sniff out nearby items.
Your experience applies equally to all skills.


Message History

You cannot move.
You cannot move.
You cannot move.
You cannot move.
You closely miss something.
You feel very sick. Something hits you.
* * * LOW HITPOINT WARNING * * *
You barely miss something.
You feel very sick. Something hits you but does no damage.
You are more poisoned.
You miss something.
You feel very sick. Something hits you but does no damage.
You are lethally poisoned!
You miss something.
* * * LOW HITPOINT WARNING * * *
You feel very sick.
You hear some strange, mumbled words.
A puff of flame appears from out of thin air!
The puff of flame hits you but does no damage.
You hear some strange, mumbled words.
A puff of flame appears from out of thin air!
The puff of flame hits you but does no damage.
You slash something!
Your transformation is almost over.
* * * LOW HITPOINT WARNING * * *
You feel very sick. Something hits you but does no damage.
You are more poisoned.
You hit something.
* * * LOW HITPOINT WARNING * * *
You feel very sick.
You hear some strange, mumbled words.
A magic dart appears from out of thin air!
The magic dart hits you.
* * * LOW HITPOINT WARNING * * *
You closely miss something.
You die...

#..(.##...##
..## #..# ##
.........##
.(.## #..#
####.
..#.....###...#
##..###
##..#...#
#.....
#...##....#
#.....


There were no monsters in sight!

Vanquished Creatures
  A centaur skeleton (D:4)
  2 hounds (D:4)
  2 iguanas
  An orc wizard (D:3)
  A gnoll (D:1)
  3 adders
  2 worms
  2 dart slugs
  2 orcs
  7 endoplasms
  3 giant cockroaches (D:1)
  6 goblins
  10 hobgoblins
  7 jackals (D:2)
  6 ball pythons
  5 bats
  6 frilled lizards
  3 kobolds
  4 rats
73 creatures vanquished.

Notes
Turn   | Place    | Note
-------+----------+-------------------------------------------
     0 | D:1      | JoeMomma the Gnoll Warper began the quest for the Orb.
     0 | D:1      | Reached XP level 1. HP: 20/20 MP: 6/6
    41 | D:1      | Reached XP level 2. HP: 13/26 MP: 7/7
   778 | D:1      | Reached XP level 3. HP: 30/31 MP: 9/9
   784 | D:1      | Reached skill level 5 in Spellcasting
  1380 | D:2      | Reached skill level 1 in Invocations
  1733 | D:2      | Reached skill level 1 in Short Blades
  1733 | D:2      | Reached skill level 1 in Long Blades
  1733 | D:2      | Reached skill level 1 in Maces & Flails
  1733 | D:2      | Reached skill level 1 in Polearms
  1733 | D:2      | Reached skill level 1 in Staves
  1733 | D:2      | Reached skill level 1 in Slings
  1733 | D:2      | Reached skill level 1 in Bows
  1733 | D:2      | Reached skill level 1 in Crossbows
  1733 | D:2      | Reached skill level 1 in Stealth
  1733 | D:2      | Reached skill level 1 in Shields
  1733 | D:2      | Reached skill level 1 in Unarmed Combat
  1733 | D:2      | Reached skill level 1 in Evocations
  1733 | D:2      | Reached XP level 4. HP: 32/38 MP: 11/11
  2613 | D:2      | Learned a level 2 spell: Blink
  2617 | D:2      | Learned a level 3 spell: Teleport Other
  2672 | D:3      | Reached skill level 1 in Conjurations
  2672 | D:3      | Reached skill level 1 in Hexes
  2672 | D:3      | Reached skill level 1 in Summonings
  2672 | D:3      | Reached skill level 1 in Necromancy
  2672 | D:3      | Reached skill level 1 in Transmutations
  2672 | D:3      | Reached skill level 1 in Fire Magic
  2672 | D:3      | Reached skill level 1 in Ice Magic
  2672 | D:3      | Reached skill level 1 in Air Magic
  2672 | D:3      | Reached skill level 1 in Earth Magic
  2672 | D:3      | Reached skill level 1 in Poison Magic
  2987 | D:3      | Reached XP level 5. HP: 40/43 MP: 12/12
  3818 | D:4      | Noticed Duvessa
  3818 | D:4      | Noticed Dowan
  4822 | D:4      | Reached XP level 6. HP: 46/50 MP: 13/13
  5145 | D:4      | HP: 2/75 [poisoned by an orc wizard]
  5146 | D:4      | Succumbed to an orc wizard's poison

Illustrated notes

Levels and vault maps discovered:
D:1:      psy_arrival_radial02, layout_loops_ring, minmay_surrounded
D:2:      layout_basic
D:3:      layout_loops_corners
D:4:      layout_layer_cave, uniq_duvessa

Skill      XL: |  1  2  3  4  5 |
---------------+----------------+-----
Spellcasting   | 5 |  5.3
Invocations    | 1 2 |  2.1
Short Blades   | 1 |  1.9
Long Blades    | 1 |  1.9
Maces & Flails | 1 |  1.9
Polearms       | 1 |  1.9
Staves         | 1 |  1.9
Slings         | 1 |  1.9
Bows           | 1 |  1.9
Crossbows      | 1 |  1.9
Stealth        | 1 |  1.9
Shields        | 1 |  1.9
Unarmed Combat | 1 |  1.9
Evocations     | 1 |  1.9
Conjurations   | 1 |  1.5
Hexes          | 1 |  1.5
Summonings     | 1 |  1.5
Necromancy     | 1 |  1.5
Transmutations | 1 |  1.5
Fire Magic     | 1 |  1.5
Ice Magic      | 1 |  1.5
Air Magic      | 1 |  1.5
Earth Magic    | 1 |  1.5
Poison Magic   | 1 |  1.5
Throwing       | 3 |  3.2
Armour         | 3 |  3.2
Fighting       | |  4.9
Axes           | |  4.9
Dodging        | |  4.9
Translocations | |  5.6

Action                   |  1- 3 |  4- 6 || total
-------------------------+-------+-------++-------
Melee: Hand axe          |   107 |   197 ||   304
       Bite              |     9 |    17 ||    26
       Punch             |       |     1 ||     1
 Cast: Blink             |       |     1 ||     1
Evoke: Wand              |       |     3 ||     3
  Use: Scroll            |       |     6 ||     6
       Potion            |       |     4 ||     4
 Stab: Sleeping          |     1 |     1 ||     2
       Distracted        |       |     1 ||     1
Armor: Leather armour    |    32 |    54 ||    86
       Skin              |       |    16 ||    16
Dodge: Dodged            |    83 |   123 ||   206
